 Dungeon Crawl Stone Soup version 0.31-a0-204-g7da18cac08 (webtiles) character file.

Game seed: 6008972393846086968

1227513 holysushi the Merry Octopus (level 27, -21/224 HPs)
             Began as an Octopode Hunter on June 26, 2023.
             Was an Initiate of Gozag.
             Killed from afar by an ancient lich (34 damage)
             ... with a crystal spear
             ... while petrified by an ancient lich
             ... on level 7 of Tartarus on June 27, 2023.
             The game lasted 03:44:30 (135616 turns).

holysushi the Merry Octopus (Octopode Hunter)     Turns: 135616, Time: 03:44:30

Health: -21/224    AC: 13    Str: 13    XL:     27
Magic:  64/64      EV:  2    Int: 14    God:    Gozag
Gold:   5080       SH:  0    Dex: 62    Spells: 30/65 levels left

rFire   + + .        b - +9 triple crossbow (heavy)
rCold   + + +        (shield currently unavailable)
rNeg    + + +        T - +2 hood of the Assassin {Detect Stab+ Stlth++}
rPois   ∞            o - amulet of Wu Jian's Approval {Reflect rF+ rC+ Will+ SH+5}
rElec   +            h - ring "Liraicosk" {Will+ Str+3 Slay+3}
rCorr   +            i - ring "Copsivoh" {rC+ rCorr Str+2 Slay+2 Stlth-}
SInv    .            d - +6 ring of dexterity
Will    ++...        V - ring "Quoc" {+Blink rElec Str+3 Int-3 Dex+6} Stlth ****++++++
                     X - ring of Yendor {MP+9 AC+4 Str-3 Dex+3}
HPRegen 0.57/turn    O - ring of Usteruij {MP+9 Dex+3 Slay+4}
MPRegen 0.39/turn    s - ring "Vakuise" {+Blink rF+ rCorr Dex+6}
                     U - ring "Nuit" {rPois rN+ Int+4 Dex+4}

%: reflection
@: lich-form, petrified, gold aura, doom-hounded, slowed, studying 5 skills,
weak-willed
A: draining attack, torment immunity, no potions, almost no armour, amphibious,
8 rings, camouflage 1, gelatinous body 1, (nimble swimmer 1), tentacles, agile 2
}: 13/15 runes: decaying, slimy, silver, iron, obsidian, icy, abyssal, demonic,
glowing, magical, fiery, dark, gossamer
a: End Transformation, Renounce Religion, Evoke Blink, Potion Petition, Call
Merchant, Bribe Branch


You were on level 7 of Tartarus.
You worshipped Gozag.
Gozag was greatly pleased with you.
You were an undead lich.
You visited 16 branches of the dungeon, and saw 79 of its levels.
You visited Pandemonium 1 time, and saw 18 of its levels.
You visited the Abyss 2 times.
You also visited: Sewer and Desolation.

You collected 54478 gold pieces.
You spent 5502 gold pieces at shops.
You paid 43896 gold pieces to Gozag.

Inventory:

Hand Weapons
 a - the +8 storm bow {elec, penet}
   (You bought it in a shop on level 1 of the Lair of Beasts)
 b - a +9 heavy triple crossbow (weapon)
Armour
 T - the +2 hood of the Assassin (worn) {Detect Stab+ Stlth++}
   (You acquired it in the Vestibule of Hell)

   Detect:    It allows the wearer to sense nearby creatures.
   Stab+:     It allows the wearer to make particularly effective stabbing
   attacks against helpless or unaware enemies with any weapon.
   Stlth:     It makes you much more stealthy.
Jewellery
 d - a +6 ring of dexterity (on tentacle)
 h - the ring "Liraicosk" (left tentacle) {Will+ Str+3 Slay+3}
   (You found it on level 5 of the Pits of Slime)

   [ring of willpower]

   Str:       It affects your strength (+3).
   Slay:      It affects your accuracy & damage with ranged weapons and melee
   (+3).
   Will:      It increases your willpower.
 i - the ring "Copsivoh" (right tentacle) {rC+ rCorr Str+2 Slay+2 Stlth-}
   (You found it in the Desolation of Salt)

   [ring of resist corrosion]

   Str:       It affects your strength (+2).
   Slay:      It affects your accuracy & damage with ranged weapons and melee
   (+2).
   rC:        It protects you from cold.
   rCorr:     It protects you from acid and corrosion.
   Stlth:     It makes you less stealthy.
 o - the amulet of Wu Jian's Approval (around mantle) {Reflect rF+ rC+ Will+ SH+5}
   (You took it off a servant of whispers in the Desolation of Salt)

   [amulet of reflection]

   It reflects blocked missile attacks.
   rF:        It protects you from fire.
   rC:        It protects you from cold.
   SH:        It affects your SH (+5).
   Will:      It increases your willpower.
 q - the amulet "Jeanleyq" {Reflect rN+ Will+ MP+9 Slay+2 SH+5}
   (You found it on level 7 of Cocytus)

   [amulet of reflection]

   It reflects blocked missile attacks.
   Slay:      It affects your accuracy & damage with ranged weapons and melee
   (+2).
   rN:        It protects you from negative energy.
   MP:        It affects your magic capacity (+9).
   SH:        It affects your SH (+5).
   Will:      It increases your willpower.
 s - the ring "Vakuise" (on tentacle) {+Blink rF+ rCorr Dex+6}
   (You bought it in a shop on level 1 of the Elven Halls)

   [ring of dexterity]

   Dex:       It affects your dexterity (+6).
   rF:        It protects you from fire.
   +Blink:    It lets you blink.
   rCorr:     It protects you from acid and corrosion.
 I - the ring "Ubul" {Fly rElec Will+++ Dex-2}
   (You found it on level 7 of Cocytus)

   [ring of flight]

   Dex:       It affects your dexterity (-2).
   rElec:     It insulates you from electricity.
   Fly:       It grants you flight.
   Will:      It greatly increases your willpower.
 O - the ring of Usteruij (on tentacle) {MP+9 Dex+3 Slay+4}
   (You found it in Pandemonium)

   [ring of slaying]

   Dex:       It affects your dexterity (+3).
   Slay:      It affects your accuracy & damage with ranged weapons and melee
   (+4).
   MP:        It affects your magic capacity (+9).
 U - the ring "Nuit" (on tentacle) {rPois rN+ Int+4 Dex+4}
   (You found it on level 5 of the Pits of Slime)

   [ring of positive energy]

   Int:       It affects your intelligence (+4).
   Dex:       It affects your dexterity (+4).
   rPois:     It protects you from poison.
   rN:        It protects you from negative energy.
 V - the ring "Quoc" (on tentacle) {+Blink rElec Str+3 Int-3 Dex+6}
   (You bought it in a shop on level 3 of the Crypt)

   [ring of dexterity]

   Str:       It affects your strength (+3).
   Int:       It affects your intelligence (-3).
   Dex:       It affects your dexterity (+6).
   rElec:     It insulates you from electricity.
   +Blink:    It lets you blink.
 X - the ring of Yendor (on tentacle) {MP+9 AC+4 Str-3 Dex+3}
   (You bought it in a shop on level 4 of the Swamp)

   [ring of protection]

   AC:        It affects your AC (+4).
   Str:       It affects your strength (-3).
   Dex:       It affects your dexterity (+3).
   MP:        It affects your magic capacity (+9).
Wands
 p - a wand of mindburst (56)
 B - a wand of roots (52)
 F - a wand of digging (8)
 H - a wand of quicksilver (45)
Scrolls
 f - a scroll of fog
 r - 2 scrolls of brand weapon
 w - 10 scrolls of revelation
 x - 8 scrolls of enchant weapon
 y - 11 scrolls of amnesia
 A - 11 scrolls of immolation
 D - 42 scrolls of identify
 G - 8 scrolls of vulnerability
 J - a scroll of teleportation
 K - 2 scrolls of butterflies
 L - 5 scrolls of fear
 S - 4 scrolls of blinking
 W - 5 scrolls of enchant armour
 Z - 9 scrolls of poison
Potions
 e - 11 potions of might
 g - 27 potions of curing
 j - 2 potions of cancellation
 k - 15 potions of ambrosia
 m - 13 potions of brilliance
 n - 13 potions of enlightenment
 t - 9 potions of heal wounds
 u - 2 potions of berserk rage
 v - 4 potions of haste
 z - 4 potions of invisibility
 C - 15 potions of lignification
 E - 9 potions of mutation
 M - 4 potions of magic
 N - 8 potions of attraction
Miscellaneous
 P - a phial of floods
 Q - a sack of spiders
 R - a phantom mirror
 Y - the horn of Geryon (inert)


   Skills:
 O Level 27 Fighting
 - Level 4.0 Short Blades
 O Level 27 Ranged Weapons
 O Level 27 Dodging
 O Level 27 Stealth
 + Level 19.7 Spellcasting
 - Level 2.0 Conjurations
 - Level 1.0 Hexes
 - Level 24.0 Necromancy
 - Level 6.0 Translocations
 - Level 24.0 Transmutations
 + Level 12.6 Fire Magic
 - Level 1.0 Ice Magic
 - Level 2.0 Air Magic
 - Level 6.0 Poison Magic
 - Level 15.0 Evocations


You had 30 spell levels left.
You knew the following spells:

 Your Spells              Type           Power      Damage    Failure   Level
a - Apportation           Tloc           60%        N/A       1%          1
b - Ensorcelled Hibernat  Hex/Ice        32%        N/A       3%          2
c - Death Channel         Necr           44%        N/A       1%          6
d - Necromutation         Tmut/Necr      44%        N/A       1%          8
e - Confusing Touch       Hex            16%        N/A       8%          3
f - Olgreb's Toxic Radia  Pois           30%        N/A       3%          4
g - Mephitic Cloud        Conj/Pois/Air  23%        N/A       3%          3
h - Ignition              Fire           24%        3d8       82%         8

Your spell library contained the following spells:

 Spells                   Type           Power      Damage    Failure   Level
 Necrotise                Necr           100%       1d9       0%          1
 Sting                    Tmut/Pois      100%       1d8       0%          1
 Sublimation of Blood     Necr           88%        N/A       0%          2
 Wereblood                Tmut           69%        N/A       0%          2
 Vampiric Draining        Necr           88%        2d12      0%          3
 Dispel Undead            Necr           88%        3d28      0%          4
 Agony                    Necr           88%        N/A       0%          5
 Blade Hands              Tmut           34%        N/A       0%          5
 Kiss of Death            Conj/Necr      100%       2d13      1%          1
 Blink                    Tloc           60%        N/A       1%          2
 Cigotuvi's Dreadful Rot  Necr/Pois/Air  100%       N/A       1%          2
 Lesser Beckoning         Tloc           60%        N/A       1%          2
 Momentum Strike          Conj/Tloc      50%        3d9       1%          2
 Poisonous Vapours        Pois/Air       50%        N/A       1%          2
 Scorch                   Fire           98%        2d9       1%          2
 Gell's Gravitas          Tloc           30%        N/A       1%          3
 Ignite Poison            Fire/Tmut/Pois 52%        N/A       1%          3
 Inner Flame              Hex/Fire       32%        N/A       1%          3
 Spider Form              Tmut/Pois      54%        N/A       1%          3
 Teleport Other           Tloc           30%        N/A       1%          3
 Volatile Blastmotes      Fire/Tloc      78%        2d16      1%          3
 Anguish                  Hex/Necr       32%        N/A       1%          4
 Flame Wave               Conj/Fire      34%        2d10      1%          4
 Ice Form                 Ice/Tmut       48%        N/A       1%          4
 Petrify                  Tmut/Erth      47%        N/A       1%          4
 Sticky Flame             Conj/Fire      34%        2d5       1%          4
 Borgnjor's Vile Clutch   Necr/Erth      31%        N/A       1%          5
 Irradiate                Conj/Tmut      25%        3d20      1%          5
 Yara's Violent Unravell  Hex/Tmut       24%        3d11      1%          5
 Eringya's Noxious Bog    Tmut/Pois      27%        N/A       1%          6
 Dragon Form              Tmut           34%        N/A       1%          7
 Borgnjor's Revivificati  Necr           44%        N/A       1%          8
 Freeze                   Ice            64%        1d7       2%          1
 Slow                     Hex            64%        N/A       2%          1
 Searing Ray              Conj           38%        2d5       2%          2
 Vhi's Electric Charge    Tloc/Air       50%        N/A       2%          3
 Summon Small Mammal      Summ           52%        N/A       3%          1
 Manifold Assault         Tloc           30%        N/A       3%          4
 Passage of Golubria      Tloc           30%        N/A       3%          4
 Statue Form              Tmut/Erth      31%        N/A       4%          6
 Fireball                 Conj/Fire      17%        3d9       5%          5
 Dazzling Flash           Conj/Hex       36%        N/A       6%          3
 Hailstorm                Conj/Ice       18%        3d6       6%          3
 Frozen Ramparts          Ice            32%        1d5       8%          3
 Ozocubu's Armour         Ice            16%        N/A       8%          3
 Stone Arrow              Conj/Erth      32%        3d9       8%          3
 Iskenderun's Mystic Bla  Conj/Tloc      25%        2d7       8%          4
 Summon Guardian Golem    Hex/Summ       15%        N/A       10%         3
 Call Canine Familiar     Summ           13%        N/A       12%         3
 Storm Form               Tmut/Air       25%        N/A       16%         7
 Fulminant Prism          Conj/Hex       9%         3d6       21%         4
 Death's Door             Necr           44%        N/A       21%         9
 Cause Fear               Hex            8%         N/A       26%         4
 Summon Lightning Spire   Summ/Air       16%        N/A       26%         4
 Plasma Beam              Fire/Air       17%        2x1d28    28%         6
 Leda's Liquefaction      Hex/Erth       7%         N/A       30%         4
 Summon Ice Beast         Ice/Summ       15%        N/A       30%         4
 Summon Forest            Summ/Tloc      11%        N/A       30%         5
 Arcjolt                  Conj/Air       9%         1d19      43%         5
 Iskenderun's Battlesphe  Conj           19%        2d7       43%         5
 Dispersal                Tloc           15%        N/A       45%         6
 Freezing Cloud           Conj/Ice/Air   9%         6-21      47%         5
 Silence                  Hex/Air        9%         N/A       50%         5
 Metabolic Englaciation   Hex/Ice        8%         N/A       56%         5
 Summon Mana Viper        Hex/Summ       15%        N/A       65%         5
 Lee's Rapid Deconstruct  Erth           6%         3d6*      71%         5
 Conjure Ball Lightning   Conj/Air       9%         3x3d6     95%         6
 Leda's Unmaking          Conj/Erth      8%         9d2       98%         6
 Summon Cactus Giant      Summ           6%         N/A       99%         6
 Enfeeble                 Hex            8%         N/A       100%        7
 Malign Gateway           Summ/Tloc      11%        N/A       100%        7
 Monstrous Menagerie      Summ           6%         N/A       100%        7
 Orb of Destruction       Conj           9%         9d6       100%        7
 Ozocubu's Refrigeration  Ice            8%         4d9       100%        7
 Spellforged Servitor     Conj/Summ      8%         N/A       100%        7
 Summon Hydra             Summ           6%         N/A       100%        7
 Discord                  Hex            8%         N/A       100%        8
 Disjunction              Tloc           15%        N/A       100%        8
 Lehudib's Crystal Spear  Conj/Erth      8%         10d3      100%        8
 Maxwell's Capacitive Co  Air            9%         ∞         100%        8
 Summon Horrible Things   Summ           6%         N/A       100%        8
 Dragon's Call            Summ           6%         N/A       100%        9
 Polar Vortex             Ice            8%         N/A       100%        9
 Animate Dead             Necr           Unusable   N/A       N/A         4
 Simulacrum               Ice/Necr       Unusable   N/A       N/A         6
 Animate Armour           Summ/Erth      Unusable   N/A       N/A         4

Dungeon Overview and Level Annotations

Branches:
Dungeon (15/15) Zot: 23402  Temple (1/1) D:6 Zot: 5948    Lair (5/5) D:9 Zot: 16396
  Swamp (4/4) Lair:2 Zot: 19476  Spider (4/4) Lair:3 Zot: 19001   Slime (5/5) Lair:5 Zot: 24187
    Orc (2/2) D:9 Zot: 9747     Elf (3/3) Orc:2 Zot: 12466  Vaults (5/5) D:13 Zot: 20786
  Crypt (3/3) Vaults:2 Zot: 14709    Tomb (0/3) Crypt:3      Depths (4/4) D:15 Zot: 16658
   Hell (visited)             Dis (7/7) Hell Zot: 26519     Geh (7/7) Hell Zot: 26519
    Coc (7/7) Hell Zot: 26519     Tar (7/7) Hell Zot: 26519     Zot (0/5) Depths:4
  Sewer (visited)         Desolation (visited)

Altars:
Ashenzari
Cheibriados
Dithmenos
Elyvilon
Fedhas
Gozag
Hepliaklqana
Kikubaaqudgha
Makhleb
Nemelex Xobeh
Okawaru
Qazlal
Ru
Sif Muna
Trog
Uskayaw
Vehumet
Wu Jian
Xom
Yredelemnul
Zin
The Shining One
Jiyva
Lugonu

Shops:
D:9 (   D:11 !   D:15 [   Orc:2 !*:(([   Elf:1 [(*!(   Elf:3 =(   Lair:1 (
Swamp:2 !   Swamp:4 =   Spider:3 [(   Vaults:2 [   Vaults:3 ?   Vaults:5 [
Crypt:3 =(   Hell ?   Depths:1 !   Depths:2 ([==[=   Depths:3 :=:   Depths:4 [(

Portals:
Hell: Depths:1 Depths:2 Depths:3 Depths:4
Abyss: Lair:5 Depths:1* Depths:2 Depths:3
Pandemonium: Depths:2
Ziggurat: Depths:4

Annotations:
D:3 3 runed translucent doors, lunkers's ghost, amateur MeWn
D:4 2 transporters, IdlyInterested's ghost, amateur DsFi
D:5 exclusion: water moccasin
Lair:4 2 runed translucent doors, TrayleKats's ghost, journeyman MiHu
Swamp:4 3 runed translucent doors, AwFulAwFulPlayer's ghost, adept DsCK
Spider:1 1 runed translucent door, Mlioglotl; Starbright's ghost, adept TrBe
Elf:1 6 runed translucent doors
Vaults:2 2 transporters, exclusion: obsidian statue


Innate Abilities, Weirdness & Mutations

You are an undead lich.
Your unarmed attacks are suffused with negative energy.
You are immune to unholy pain and torment.
Your necromantic spells are more powerful.
You cannot drink.
You are immune to poison.
You cannot wear most types of armour.
You are amphibious.
You can wear up to eight rings at the same time.
Your skin changes colour to match your surroundings (Stealth+).
Your rubbery body absorbs attacks. (AC +1, EV +1)
((You are camouflaged when in or above water. (Stealth+)))
You have tentacles for arms and can constrict up to eight enemies at once.
You are very agile. (Dex +8, Str/Int -2)


Message History

Your hell beast barely misses the doom hound.
The reaper hits you from afar with a +0 scythe of venom!!!
* * * LOW HITPOINT WARNING * * *
Something completely misses you.
The doom hound bites you but does no damage.
The doom hound claws you but does no damage.
Your hell beast bites the doom hound but does no damage.
Your hell beast tramples the doom hound!!
The doom hound holds its ground!
The reaper barely misses you. The Tzitzimitl engulfs you!
* * * LOW HITPOINT WARNING * * *
The Tzitzimitl drains your vigour!
You feel yourself slow down.
The Tzitzimitl bites you but does no damage.
A reaper comes into view. It is wielding a +1 scythe of pain.
Something touches you.
* * * LOW HITPOINT WARNING * * *
Your hell beast bites the doom hound but does no damage.
Your hell beast tramples the doom hound.
The doom hound holds its ground!
The doom hound bites you but does no damage.
The doom hound claws you!!
* * * LOW HITPOINT WARNING * * *
Something touches you.
* * * LOW HITPOINT WARNING * * *
Your hell beast barely misses the doom hound.
Your hell beast tramples the doom hound!!
The doom hound holds its ground!
The doom hound dies!
The reaper hits you from afar with a +0 scythe of venom!!
* * * LOW HITPOINT WARNING * * *
The reaper hits you from afar with a +1 scythe of pain!!
* * * LOW HITPOINT WARNING * * *
The Tzitzimitl engulfs you but does no damage.
The Tzitzimitl bites you!
* * * LOW HITPOINT WARNING * * *
You hear some strange, mumbled words.
A crystal spear appears from out of thin air!
The crystal spear hits you!!!
You die...
Your body crumbles into a pile of gold.

#.............### ##
###....∩....###
.###.....###
...###################
.....###...'.^.#...... #
#......'...'...'......
..###.$2.'...#...'......
....###${#''###..#......
.......L12...##).#####..
$ $ .....22..'....####
#.. ........D###...# #..
...........##...## #..
..##........##...# #.. .
##........##..# #..
#.........#..# #..
..........#..#####..
...........#..#......


You could see a bone dragon, a Tzitzimitl, 2 reapers and 2 friendly hell beasts.

Vanquished Creatures
  Cerebov (Pan)
  Antaeus (Coc:7)
  Ignacio (Pan)
  the Royal Jelly (Slime:5)
  Asmodeus (Geh:7)
  Gloorx Vloq (Pan)
  the Serpent of Hell (Dis:7)
  Mnoleg (Pan)
  Lom Lobon (Pan)
  4 dread liches
  Dispater (Dis:7)
  7 ancient liches
  5 juggernauts
  Mennas (Crypt:2)
  Josephina (Depths:3)
  28 shard shrikes
  Xtahua (Crypt:1)
  4 pandemonium lords (Pan)
  25 caustic shrikes
  2 golden dragons
  Geryon (Hell)
  Jory (Vaults:4)
  5 profane servitors
  18 bone dragons
  13 doom hounds
  15 Brimstone Fiends
  10 Tzitzimimeh
  5 tentacled monstrosities
  3 spectral shard shrikes
  A walking crystal tome (Depths:4)
  7 hellephants
  15 Hell Sentinels
  Jorgrun (D:14)
  4 deep elf blademasters
  20 Ice Fiends
  Rupert (D:12)
  10 iron giants
  9 tainted leviathans
  7 liches
  Zenata (Crypt:2)
  A walking earthen tome (Depths:4)
  2 deep elf master archers (Elf:3)
  8 searing wretches
  2 walking divine tomes (Depths:4)
  79 Executioners (Pan)
  2 quicksilver dragons
  7 sphinxes
  17 titans
  A walking frostbound tome (Depths:4)
  23 acid blobs
  34 ancient champions
  4 thorn hunters
  6 tentacled starspawn
  Agnes (Spider:2)
  Frances (Swamp:2)
  6 storm dragons
  4 tengu reavers
  3 revenants
  A daeva (Pan)
  9 shadow dragons
  Kirke (Lair:5)
  6 fenstrider witches
  12 demonspawn warmongers (Pan)
  11 azure jellies
  6 rockslimes
  10 deep elf sorcerers
  17 narguns
  11 iron dragons
  16 frost giants
  3 emperor scorpions
  13 quicksilver elementals
  91 balrugs
  A draconian monk (Depths:4)
  14 fire giants
  Aizul (Swamp:2)
  3 imperial myrmidons (Desolation)
  3 curse skulls
  Louise (Swamp:2)
  3 ghost moths
  4 ghouls
  11 shard shrike simulacra
  18 vault wardens
  3 spriggan defenders
  17 reapers
  10 formless jellyfish
  5 deep elf elementalists (Elf:3)
  3 orc warlords
  19 war gargoyles
  2 broodmothers
  3 juggernaut skeletons
  21 very ugly things
  A broodmother (shapeshifter) (Depths:2)
  19 cacodemons (Pan)
  15 stone giants
  4 ironbound thunderhulks
  11 quicksilver oozes
  4 caustic shrike skeletons (Pan)
  5 draconian annihilators (Pan)
  9 demonspawn corrupters (Pan)
  20 elemental wellsprings
  12 demonspawn blood saints (Pan)
  22 ironbound preservers
  8 vampire knights
  11 demonspawn black suns (Pan)
  13 putrid mouths
  5 eleionomae
  9 deep elf demonologists
  6 dire elephants
  14 wendigos
  11 spark wasps
  Azrael (Spider:1)
  26 lorocyprocas (Pan)
  9 eidola
  19 deep elf annihilators
  A minotaur (Pan)
  4 bunyips
  14 ettins
  13 fire dragons
  7 crystal guardians
  8 deep elf death magi
  81 green deaths
  A fire dragon (shapeshifter) (Vaults:4)
  A merfolk javelineer (Abyss:4)
  A spectral quicksilver dragon (Tar:6)
  56 blizzard demons
  14 iron golems
  A shambling mangrove (Swamp:4)
  9 great orbs of eyes
  8 entropy weavers
  11 rakshasas
  9 deep elf high priests
  13 yaktaur captains
  5 servants of whispers (Desolation)
  12 ice dragons
  7 ragged hierophants
  2 spriggan zombies (Crypt:3)
  6 jiangshi
  7 hydras
  Erolcha (D:12)
  7 peacekeepers
  Fannar (Orc:1)
  11 spriggan skeletons
  12 salamander tyrants
  30 vault guards
  8 caustic shrike simulacra
  6 juggernaut simulacra
  4 catoblepae
  4 ghost crabs
  A quicksilver dragon skeleton (Pan)
  4 hell beasts
  4 fenstrider witch skeletons (Pan)
  2 jorogumos
  8 spriggan air magi
  6 radroaches
  14 centaur warriors
  2 death knights
  39 dancing weapons
  2 ogre magi (Vaults:5)
  8 two-headed ogres
  6 alligators
  7 vampire magi
  9 ironbound frosthearts
  7 stokers
  9 deep troll shamans
  11 boulder beetles
  12 death yaks
  6 deep troll earth magi
  7 thrashing horrors
  24 demonic crawlers
  A spectral dire elephant (Tar:3)
  6 spriggan berserkers
  An orc high priest (Orc:2)
  16 hell hogs
  9 tengu warriors
  3 shock serpents (shapeshifter)
  A spectral storm dragon (Tar:1)
  24 deep elf knights
  26 hell knights
  11 crystal echidnas
  282 sun demons
  A storm dragon zombie (Crypt:3)
  6 titan skeletons
  75 soul eaters
  Amaemon (D:9)
  An emperor scorpion zombie (Crypt:2)
  18 shadow wraiths
  4 iron trolls
  6 spriggan druids
  A spectral anaconda (Tar:1)
  4 wretched stars
  50 sixfirhies
  8 pharaoh ants
  8 quicksilver dragon simulacra
  2 golden dragon zombies
  A sea snake (shapeshifter) (Depths:2)
  A death drake (shapeshifter) (Depths:4)
  3 storm dragon skeletons (Pan)
  3 death drakes
  2 goliath frogs
  25 skeletal warriors
  2 anaconda zombies (Hell)
  51 deep trolls
  14 phantasmal warriors
  8 glowing orange brains
  2 bunyip skeletons (Pan)
  15 wizards
  5 spriggan simulacra
  6 bog bodies
  An iron giant skeleton (Crypt:1)
  A steelbarb worm (shapeshifter) (D:13)
  A flayed ghost (Depths:4)
  29 ironbound convokers
  4 anaconda skeletons (Pan)
  12 deep elf archers
  6 shadow demons (Pan)
  3 orb spiders
  A spectral hydra (Tar:2)
  7 swamp dragons
  11 necromancers
  9 orc knights
  An orange crystal statue (Depths:2)
  5 lindwurms
  11 starcursed masses
  7 steelbarb worms
  2 harpies (shapeshifter)
  4 fenstrider witch simulacra
  A golden dragon skeleton (Pan)
  37 deep elf pyromancers
  2 shadow dragon skeletons
  30 deep elf zephyrmancers
  7 orc sorcerers
  6 shining eyes
  10 wolf spiders
  A manticore (D:14)
  2 fauns (shapeshifter)
  2 oklob plants
  2 manticores (shapeshifter)
  22 ugly things
  4 cyclopes
  A salamander (shapeshifter) (Depths:2)
  A worldbinder (Abyss:4)
  5 will-o-the-wisps
  A spectral centaur (Tar:1)
  4 black mambas
  6 guardian serpents
  A human skeleton (Vaults:3)
  10 rust devils
  A stone giant skeleton (Vaults:3)
  6 elephants
  4 moths of wrath
  A black mamba (shapeshifter) (Vaults:5)
  9 titan simulacra
  An apocalypse crab (Abyss:4)
  An eye of devastation (Slime:1)
  An eye of devastation (shapeshifter) (Depths:2)
  7 ice statues
  17 vault sentinels
  A guardian serpent (shapeshifter) (Lair:5)
  4 torpor snails
  An emperor scorpion simulacrum (Coc:1)
  143 smoke demons
  6 dire elephant skeletons
  10 molten gargoyles
  9 cane toads
  6 naga skeletons
  A gargoyle (D:11)
  28 hellions
  4 kobold demonologists (D:11)
  4 unseen horrors
  58 orange demons
  2 rime drakes (shapeshifter) (Depths:2)
  5 komodo dragons
  41 yaktaurs
  3 rime drakes
  A red draconian zombie (Crypt:1)
  A komodo dragon (shapeshifter) (D:13)
  5 anaconda simulacra
  23 tormentors
  3 alligator snapping turtle skeletons (Pan)
  12 freezing wraiths
  3 spectral nagas
  3 ancient zymes
  3 bunyip simulacra (Coc:1)
  53 efreet
  An iron giant simulacrum (Coc:7)
  2 meliai (shapeshifter)
  2 golden dragon simulacra (Depths:3)
  2 sea snake skeletons (Hell)
  12 ice devils
  3 tengu conjurers
  2 harpy zombies (Crypt:3)
  A spectral harpy (Tar:2)
  4 red devils
  11 tyrant leeches
  3 silent spectres
  4 polar bears
  18 meliai
  7 trolls
  A wind drake (shapeshifter) (D:15)
  A shadow dragon simulacrum (Coc:1)
  A queen bee (Lair:4)
  A hornet (shapeshifter) (Depths:2)
  132 hellwings
  3 bloated husks
  13 hornets
  2 tengu simulacra
  10 harpy skeletons (Pan)
  Grinder (D:2)
  A tarantella (shapeshifter) (D:13)
  16 tarantellas
  3 hydra zombies
  15 wind drakes (Pan)
  45 saltlings
  10 dream sheep
  25 blink frogs
  A great orb of eyes zombie (Crypt:2)
  19 jumping spiders
  A stone giant simulacrum (Coc:1)
  An ice dragon skeleton (Pan)
  81 slime creatures
  3 air elementals
  81 large abominations
  3 culicivoras (shapeshifter) (Depths:2)
  34 flying skulls (Crypt:3)
  A vampire (Abyss:3)
  Sigmund (D:3)
  13 spriggans
  85 ynoxinuls
  5 ettin skeletons (Pan)
  2 shadows (D:9)
  A centaur simulacrum (D:15)
  3 wyverns
  11 culicivoras
  A slime creature (shapeshifter) (Vaults:5)
  3 wraiths
  A yak (shapeshifter) (Elf:2)
  A golden eye (shapeshifter) (D:14)
  10 water elementals
  4 dire elephant simulacra
  50 yaks
  8 fire elementals
  2 hogs
  A hog (shapeshifter) (D:14)
  16 neqoxecs
  A redback (shapeshifter) (Depths:4)
  36 redbacks
  7 basilisks
  14 chaos spawn
  2 steam dragons
  25 vampire mosquitoes
  An alligator snapping turtle simulacrum (Coc:1)
  A merfolk zombie (Crypt:1)
  2 acid dragons
  3 wargs
  15 swamp worms
  A glowing shapeshifter zombie (Vaults:3)
  10 harpy simulacra
  17 water moccasins
  6 hell hounds
  5 hydra simulacra
  A floating eye (shapeshifter) (Depths:2)
  A floating eye (Depths:3)
  28 orc warriors
  Pargi (Sewer)
  A merfolk skeleton (Crypt:2)
  4 sky beasts
  A swamp drake (Swamp:1)
  4 black bears
  21 ogres
  A boggart (D:14)
  3 ettin simulacra
  A swamp dragon skeleton (Pan)
  A hog zombie (Crypt:2)
  9 wolves
  12 centaurs
  4 phantoms
  10 kobold brigands
  A fire crab zombie (Crypt:2)
  A rime drake skeleton (Crypt:1)
  14 bullfrogs
  2 scorpions (D:5)
  A gnoll sergeant (D:12)
  2 necrophages (Crypt:3)
  2 earth elementals
  3 naga simulacra
  A wyvern skeleton (Crypt:1)
  10 wights
  19 small abominations
  A water moccasin zombie (Crypt:1)
  4 troll zombies (D:9)
  20 killer bees (Lair:4)
  A howler monkey (D:10)
  4 electric eels
  A quasit (Abyss:1)
  20 orc priests
  3 gnoll boudas
  3 jellies
  7 centaur skeletons
  An iron imp (Abyss:2)
  Jessica (D:2)
  Terence (D:3)
  3 iguanas
  A sleepcap (D:7)
  Natasha (thrice) (D:3)
  28 orc wizards
  6 hell rats (Lair:5)
  5 ogre zombies
  Robin (D:3)
  7 adders
  15 gnolls
  2 shadow imps (D:5)
  3 white imps
  2 ufetubi
  3 worms
  2 dart slugs (D:1)
  82 orcs
  16 ball pythons
  A bat zombie (D:8)
  7 endoplasms
  5 giant cockroaches
  8 hobgoblins
  A hobgoblin (shapeshifter) (Vaults:5)
  4 jackals (D:2)
  5 quokkas
  A ball python zombie (Crypt:2)
  9 bats
  5 frilled lizards
  13 goblins
  2 goblin skeletons (D:9)
  4 goblin zombies (D:9)
  4 hobgoblin zombies (D:9)
  29 kobolds
  2 orc skeletons (D:9)
  13 orc zombies (D:9)
  9 rats
  2 rat zombies (D:8)
  3 ball lightnings (Pan)
  2 butterflies (Lair:5)
  8 creeping infernos
  41 fire vortices
  2 lurking horrors
  A starspawn tentacle (Abyss:2)
4583 creatures vanquished.

Vanquished Creatures (collateral kills)
  2 caustic shrikes (Dis:7)
  A doom hound (Tar:7)
  A quicksilver elemental (Dis:7)
  A demonspawn blood saint (Pan)
  A war gargoyle (Dis:7)
  A sun demon (Pan)
7 creatures vanquished.

Vanquished Creatures (others)
  A shard shrike (Coc:7)
  A pandemonium lord (Pan)
  A lich (Abyss:4)
  An eldritch tentacle (Pan)
  A shard shrike simulacrum (Coc:2)
  A caustic shrike simulacrum (Coc:6)
  A soul eater (Pan)
  A spriggan simulacrum (Coc:6)
  A titan simulacrum (Coc:6)
  An orange demon (Pan)
  2 smoke demons (Pan)
  An anaconda simulacrum (Coc:6)
  A wind drake (Pan)
  A large abomination (Pan)
  A neqoxec (Pan)
  A vampire mosquito (Swamp:1)
  An ettin simulacrum (Coc:3)
  2 orcs (Vaults:5)
  A creeping inferno (Geh:7)
  10 foxfires (Swamp:3)
  3 starspawn tentacles
34 creatures vanquished.

Grand Total: 4624 creatures vanquished

Notes
Turn   | Place    | Note
-------+----------+-------------------------------------------
     0 | D:1      | holysushi the Octopode Hunter began the quest for the Orb.
     0 | D:1      | Reached XP level 1. HP: 14/14 MP: 1/1
    90 | D:1      | Found a faded altar of an unknown god.
   109 | D:1      | Reached XP level 2. HP: 19/19 MP: 2/2
   325 | D:1      | Reached XP level 3. HP: 24/24 MP: 3/3
   443 | D:1      | Reached skill level 5 in Ranged Weapons
  1118 | D:2      | Reached XP level 4. HP: 29/29 MP: 4/4
  2024 | D:2      | Noticed Jessica
  2029 | D:2      | Killed Jessica
  2714 | D:3      | Noticed Robin
  2869 | D:2      | Reached XP level 5. HP: 32/34 MP: 5/5
  2964 | D:3      | Learned a level 3 spell: Mephitic Cloud
  3034 | D:3      | Found a snail-covered altar of Cheibriados.
  3040 | D:3      | Noticed Sigmund
  3125 | D:3      | Noticed Grinder
  3173 | D:3      | Paralysed by Grinder for 2 turns
  3185 | D:2      | Paralysed by Grinder for 2 turns
  3190 | D:2      | Paralysed by Grinder for 5 turns
  3202 | D:2      | Paralysed by Grinder for 3 turns
  3355 | D:3      | Killed Robin
  3431 | D:3      | Noticed lunkers's ghost (amateur MeWn)
  3445 | D:3      | Found a runed translucent gate.
  3445 | D:3      | Found a runed translucent gate.
  3449 | D:3      | Noticed Terence
  3484 | D:3      | Killed Terence
  3485 | D:3      | Reached skill level 1 in Poison Magic
  3510 | D:3      | Found a stormy altar of Qazlal.
  3570 | D:3      | Noticed Natasha
  3592 | D:3      | Found a runed translucent gate.
  3684 | D:3      | Killed Natasha
  3685 | D:3      | Reached XP level 6. HP: 35/39 MP: 6/6
  3952 | D:3      | Killed Sigmund
  3953 | D:3      | Reached skill level 1 in Conjurations
  3953 | D:3      | Reached skill level 1 in Air Magic
  4199 | D:3      | Noticed an orc warrior
  4533 | D:3      | Noticed Natasha
  4542 | D:3      | Killed Natasha
  4543 | D:3      | Reached XP level 7. HP: 45/45 MP: 7/7
  4681 | D:3      | Noticed Natasha
  4695 | D:3      | Killed Natasha
  5174 | D:4      | Found a transporter.
  5176 | D:4      | Found a transporter.
  5180 | D:4      | Noticed IdlyInterested's ghost (amateur DsFi)
  5287 | D:4      | Found a glowing drain.
  5296 | Sewer    | Entered a sewer
  5325 | Sewer    | Noticed Pargi
  5345 | Sewer    | Killed Pargi
  5612 | D:4      | Found a shadowy altar of Dithmenos.
  5867 | D:5      | Entered Level 5 of the Dungeon
  5903 | D:5      | Reached XP level 8. HP: 50/50 MP: 8/8
  5925 | D:4      | Learned a level 2 spell: Ensorcelled Hibernation
  6329 | D:2      | Killed Grinder
  6330 | D:2      | Reached skill level 1 in Short Blades
  6981 | D:5      | Reached skill level 10 in Ranged Weapons
  7087 | D:5      | Found a broken altar of Ashenzari.
  7091 | D:5      | Found an ornate altar of the Wu Jian Council.
  7094 | D:5      | Found a bloodstained altar of Trog.
  7768 | D:5      | Reached XP level 9. HP: 49/54 MP: 9/9
  7969 | D:6      | Learned a level 3 spell: Confusing Touch
  7993 | D:6      | Reached skill level 1 in Evocations
  8132 | D:6      | Found a staircase to the Ecumenical Temple.
  8149 | Temple   | Entered the Ecumenical Temple
  8236 | D:6      | Found a white marble altar of Elyvilon.
  9135 | D:6      | Reached skill level 5 in Stealth
  9271 | D:7      | Found a shimmering blue altar of Sif Muna.
  9807 | D:7      | Found an opulent altar of Gozag.
  9813 | D:7      | Became a worshipper of Gozag Ym Sagoz the Greedy
 10979 | D:7      | Identified the +8 sling "Kyc Ybox" {flame, rN+++ Str-3
                  | Int+3 SInv}
 10984 | D:7      | Reached skill level 1 in Ice Magic
 11002 | D:7      | Reached skill level 1 in Spellcasting
 11301 | D:7      | Reached skill level 1 in Hexes
 11514 | D:8      | Found an ancient bone altar of Kikubaaqudgha.
 11558 | D:8      | Reached XP level 10. HP: 49/61 MP: 11/12
 12589 | D:9      | Found a staircase to the Orcish Mines.
 12606 | D:9      | Reached skill level 5 in Dodging
 13105 | D:9      | Noticed Amaemon
 13446 | D:9      | Killed Amaemon
 13446 | D:9      | Noticed an orange demon
 13457 | D:9      | Killed an orange demon
 13873 | D:9      | Found a shimmering altar of Xom.
 13904 | D:9      | Found a staircase to the Lair.
 13919 | Lair:1   | Entered Level 1 of the Lair of Beasts
 13929 | Lair:1   | Learned a level 4 spell: Olgreb's Toxic Radiance
 13958 | Lair:1   | Reached XP level 11. HP: 66/67 MP: 14/14
 14082 | Lair:1   | Reached skill level 5 in Poison Magic
 16329 | Lair:1   | Found Qeebesm's Weapon Shop.
 17243 | Lair:2   | Reached XP level 12. HP: 72/72 MP: 15/15
 17294 | Lair:2   | Noticed a catoblepas
 17368 | Lair:2   | Killed a catoblepas
 17369 | Lair:2   | Reached skill level 10 in Dodging
 17591 | Lair:2   | Found a staircase to the Swamp.
 17606 | Lair:2   | Reached skill level 5 in Fighting
 17873 | Lair:2   | Reached skill level 15 in Ranged Weapons
 18087 | Lair:2   | Noticed a death yak
 18088 | Lair:2   | Noticed a death yak
 18088 | Lair:2   | Noticed a death yak
 18088 | Lair:2   | Noticed a death yak
 18170 | Lair:2   | Killed a death yak
 18289 | Lair:2   | Noticed a boulder beetle
 19544 | Lair:2   | Killed a boulder beetle
 19709 | Lair:2   | Noticed a death yak
 19710 | Lair:2   | Noticed a death yak
 20492 | Lair:2   | Killed a death yak
 20518 | Lair:2   | Killed a death yak
 20546 | Lair:2   | Killed a death yak
 20600 | Lair:2   | Killed a death yak
 20662 | Lair:2   | Noticed a catoblepas
 20746 | Lair:2   | Killed a catoblepas
 20747 | Lair:2   | Reached XP level 13. HP: 68/85 MP: 16/16
 21593 | Lair:1   | Bought the +8 storm bow {elec, penet} for 1011 gold pieces
 21593 | Lair:1   | Found the +8 storm bow {elec, penet}
 21651 | D:10     | Entered Level 10 of the Dungeon
 22558 | Lair:3   | Found a hole to the Spider Nest.
 22999 | Lair:4   | Found a large runed translucent door.
 23000 | Lair:4   | Found a large runed translucent door.
 23003 | Lair:4   | Noticed TrayleKats's ghost (journeyman MiHu)
 24372 | Lair:5   | Entered Level 5 of the Lair of Beasts
 25498 | D:10     | Identified the ring of Zoerura {rPois Int+6 Dex-4 SInv}
 26246 | D:11     | Reached XP level 14. HP: 92/92 MP: 17/17
 26501 | D:11     | Bought a potion of heal wounds for 80 gold pieces
 26501 | D:11     | Bought a potion of haste for 160 gold pieces
 26501 | D:11     | Bought a potion of resistance for 160 gold pieces
 26602 | Orc:1    | Entered Level 1 of the Orcish Mines
 26722 | Orc:1    | Found a burning altar of Makhleb.
 26892 | Orc:2    | Entered Level 2 of the Orcish Mines
 26892 | Orc:2    | Found Vyurelea's Weapon Shop.
 26976 | Orc:2    | Found Riateonet's Antique Weapon Boutique.
 27032 | Orc:2    | Found Cefuret's Antique Armour Boutique.
 27345 | Orc:2    | Found Jennupn's Book Boutique.
 27537 | Orc:2    | Noticed an orc warlord
 28077 | Orc:1    | Noticed Fannar
 28083 | Orc:1    | Killed Fannar
 28193 | Orc:2    | Killed an orc warlord
 28404 | Orc:2    | Found Nibez's General Store.
 28447 | Orc:2    | Found a staircase to the Elven Halls.
 28501 | Orc:2    | Found Cousk's Distillery.
 28509 | Orc:2    | Bought a potion of experience for 700 gold pieces
 28509 | Orc:2    | Bought a potion of magic for 112 gold pieces
 28509 | Orc:2    | Bought 2 potions of attraction for 84 gold pieces
 28509 | Orc:2    | Reached XP level 15. HP: 97/97 MP: 18/18
 29113 | D:12     | Noticed Rupert
 29139 | D:12     | Killed Rupert
 29862 | D:12     | Noticed Erolcha
 29869 | D:12     | Killed Erolcha
 30055 | D:13     | Found a gate to the Vaults.
 30701 | D:13     | You fall into a shaft and drop 1 floor!
 30751 | D:14     | Reached XP level 16. HP: 103/103 MP: 19/19
 30854 | D:14     | Reached skill level 15 in Dodging
 31199 | D:14     | Identified the +7 great mace of Eternal Harmony {freeze,
                  | rCorr SInv}
 31320 | D:14     | Identified the +4 long sword "Hyprain" {venom, rElec rPois
                  | rC+ Stlth+}
 31583 | D:14     | Noticed Jorgrun
 31594 | D:14     | Killed Jorgrun
 31819 | D:14     | Got the Compendium of the Fey Deep Freeze
 32179 | D:15     | Entered Level 15 of the Dungeon
 32637 | D:15     | Found a staircase to the Depths.
 34050 | Lair:5   | Noticed Kirke
 34728 | Lair:5   | Found a corrupted altar of Lugonu.
 34728 | Lair:5   | Found a one-way gate to the infinite horrors of the Abyss.
 34748 | Lair:5   | Got Sif Muna's Quarto of the Unstable Charnel House
 34865 | Lair:5   | Found a viscous altar of Jiyva.
 34865 | Lair:5   | Found a staircase to the Slime Pits.
 34887 | Lair:5   | Killed Kirke
 35733 | Spider:1 | Entered Level 1 of the Spider Nest
 35753 | Spider:1 | Reached XP level 17. HP: 69/108 MP: 20/20
 36000 | Spider:1 | Found a runed translucent door.
 36001 | Spider:1 | Found a shimmering altar of Xom.
 36001 | Spider:1 | Noticed Starbright's ghost (adept TrBe)
 36416 | Spider:1 | Noticed Azrael
 36427 | Spider:1 | Killed Azrael
 36539 | Spider:1 | Noticed Mlioglotl
 36856 | Spider:2 | Identified the +9 long sword of the Wheel {drain, Dex+6}
 37460 | Spider:2 | Noticed Agnes
 37472 | Spider:2 | Killed Agnes
 38593 | Spider:4 | Entered Level 4 of the Spider Nest
 39297 | Spider:3 | Reached XP level 18. HP: 83/119 MP: 21/21
 40398 | Spider:3 | Reached skill level 10 in Fighting
 40573 | Spider:4 | Got a gossamer rune of Zot
 41019 | Swamp:1  | Entered Level 1 of the Swamp
 42283 | Swamp:2  | Noticed Louise
 42298 | Swamp:2  | Killed Louise
 42307 | Swamp:2  | Noticed Aizul
 42323 | Swamp:2  | Killed Aizul
 42853 | Swamp:2  | Noticed Frances
 42879 | Swamp:2  | Killed Frances
 42902 | Swamp:2  | You fall into a shaft and drop 1 floor!
 43208 | Swamp:3  | Identified the +5 trident of Bodily Harmony {freeze, Contam
                  | Fly rF++ Int+2}
 43577 | Swamp:3  | Paralysed by a fenstrider witch for 4 turns
 44074 | Swamp:2  | Reached skill level 5 in Spellcasting
 44366 | Swamp:4  | Entered Level 4 of the Swamp
 44433 | Swamp:4  | Reached XP level 19. HP: 122/131 MP: 27/27
 44571 | Swamp:4  | Found a runed translucent gate.
 44585 | Swamp:4  | Noticed AwFulAwFulPlayer's ghost (adept DsCK)
 44764 | Swamp:4  | Noticed a tentacled monstrosity
 44775 | Swamp:4  | Killed a tentacled monstrosity
 45092 | Swamp:4  | Noticed a tentacled monstrosity
 45109 | Swamp:4  | Killed a tentacled monstrosity
 45275 | Swamp:4  | Found a runed translucent gate.
 45276 | Swamp:4  | Found a runed translucent gate.
 45566 | Swamp:4  | Got a decaying rune of Zot
 45569 | Swamp:4  | Bought the ring of Yendor {MP+9 AC+4 Str-3 Dex+3} for 742
                  | gold pieces
 46068 | Elf:1    | Entered Level 1 of the Elven Halls
 46068 | Elf:1    | Found Risaamaxt's Weapon Emporium.
 46078 | Elf:1    | Found Joxil's Antique Armour Shoppe.
 46742 | Elf:1    | Found Vempeyv's Distillery.
 46753 | Elf:1    | Found Roosinn's Weapon Emporium.
 46777 | Elf:1    | Identified the ring of Dishonesty {rPois Dex+2 Slay+2}
 47199 | Elf:1    | Found a runed translucent gate.
 47199 | Elf:1    | Found a runed translucent gate.
 47199 | Elf:1    | Found a runed translucent gate.
 47199 | Elf:1    | Found a runed translucent gate.
 47199 | Elf:1    | Found a runed translucent gate.
 47203 | Elf:1    | Found a runed translucent gate.
 47532 | Elf:1    | Found Xegisohu's Assorted Antiques.
 47538 | Elf:1    | Bought a brightly glowing iron ring for 135 gold pieces
 47538 | Elf:1    | Identified the ring "Vakuise" {+Blink rF+ rCorr Dex+6} (You
                  | bought it in a shop on level 1 of the Elven Halls)
 47542 | Elf:1    | Paralysed by an air elemental for 1 turns
 47826 | Elf:2    | Found a crumbling gateway.
 47839 | Desolati | Entered the Desolation of Salt
 48016 | Desolati | Reached XP level 20. HP: 143/143 MP: 33/33
 48027 | Desolati | Got the Codex of Creeping Breccia
 48043 | Desolati | Identified the +0 leather armour of Xepol {Contam Int+9
                  | Dex-2 Stlth+}
 48049 | Desolati | Got Sif Muna's Tractate on Shadowy Ice
 48887 | Desolati | Identified the ring "Copsivoh" {rC+ rCorr Str+2 Slay+2
                  | Stlth-}
 48892 | Desolati | Identified the amulet "Cuducsuh" {RegenMP Will++ Str-3
                  | SInv}
 48999 | Desolati | Identified the amulet of Wu Jian's Approval {Reflect rF+
                  | rC+ Will+ SH+5}
 49038 | Desolati | Got the Omnibus of the Shifting Excursion
 49047 | Desolati | Identified the +6 shortbow "Jelly's Foe" {heavy, rPois}
 49055 | Desolati | Identified the ring "Lin Detz" {Fire rPois Str+4}
 49341 | Elf:2    | Found a runed translucent gate.
 49342 | Elf:2    | Found a runed translucent gate.
 49582 | Elf:2    | Found a runed translucent gate.
 50176 | Elf:2    | Reached skill level 10 in Spellcasting
 50288 | Elf:2    | Reached skill level 10 in Stealth
 50334 | Elf:2    | Reached skill level 15 in Fighting
 50535 | Elf:3    | Entered Level 3 of the Elven Halls
 50789 | Elf:3    | Found Koedghel's Weapon Emporium.
 51121 | Elf:3    | Reached XP level 21. HP: 90/151 MP: 35/35
 51641 | Elf:3    | Identified the amulet of Uckexourgh {Acrobat rF+ rC- rN+}
 52258 | Elf:3    | Found the +8 trishula "Condemnation" {holy, anguish, *Noise
                  | Fly rN+}
 52409 | Elf:3    | Got the Tome of Obstruction
 52415 | Elf:3    | Identified the ring "Bekkautt" {rPois rN+}
 52460 | Elf:3    | Identified the +9 sling of Miteaf {elec, rPois Will- rCorr
                  | SInv}
 52469 | Elf:3    | Got Sif Muna's Directory of Invitation
 52472 | Elf:3    | Identified the +1 pair of boots "Xolof" {Drain Str+4 Dex+2
                  | Stlth+}
 53119 | Vaults:1 | Entered Level 1 of the Vaults
 53339 | Vaults:1 | Reached skill level 15 in Stealth
 53987 | Vaults:1 | Identified the ring "Eschy" {Fly rElec MP-9 EV+5 Stlth-}
 55111 | Vaults:2 | Identified the +8 chain mail of the Jabberwock {rCorr}
 55125 | Vaults:2 | Reached XP level 22. HP: 159/159 MP: 36/36
 55168 | Vaults:2 | Found a staircase to the Crypt.
 55168 | Vaults:2 | Found a basalt altar of Yredelemnul.
 55168 | Vaults:2 | Found an ancient bone altar of Kikubaaqudgha.
 55396 | Vaults:2 | Found a transporter.
 55405 | Vaults:2 | Found a transporter.
 55947 | Vaults:3 | Found Viememem's Magic Scroll Boutique.
 57576 | Vaults:4 | Noticed Jory
 57587 | Vaults:4 | Killed Jory
 58290 | Vaults:5 | Entered Level 5 of the Vaults
 58314 | Vaults:5 | Reached XP level 23. HP: 90/171 MP: 37/37
 58919 | Vaults:5 | Noticed a dread lich
 59040 | Vaults:4 | Killed a dread lich
 59268 | Vaults:5 | Noticed an ancient lich
 60375 | Vaults:4 | Killed an ancient lich
 60539 | Vaults:5 | Identified the +6 mace "Pegul" {distort, rElec Will+ Int+3}
 60551 | Vaults:5 | Found Goughas's Antique Armour Emporium.
 60665 | Vaults:5 | Identified the staff "Nequc" {rPois Will++ Dex+3 Poison}
 61183 | Vaults:5 | Noticed an ancient lich
 61197 | Vaults:5 | Killed an ancient lich
 61216 | Vaults:5 | Identified the +6 hand axe "Voed" {protect, *Rage rF+ Will+
                  | Str+5}
 61813 | Vaults:5 | Got a silver rune of Zot
 61929 | Vaults:5 | Identified the staff "Siumucla" {rC++ rN+ rCorr Necro}
 63000 | Depths:1 | Entered Level 1 of the Depths
 63189 | Depths:1 | Found a corrupted altar of Lugonu.
 63310 | Depths:1 | Found Zoorpham's Distillery.
 63780 | Depths:1 | Found a gateway to Hell.
 63837 | Depths:2 | Reached XP level 24. HP: 174/183 MP: 37/37
 64838 | Depths:2 | Found the +16 obsidian axe {drain, demonic, Mesm Drain Fly
                  | SInv}
 64848 | Depths:2 | Identified the +9 hand axe of Rykatuff {heavy, Drain rPois
                  | rF+}
 64860 | Depths:2 | Identified the +0 ring mail "Yzyith" {rF+ rC+ Int+3 Dex+6}
 65273 | Depths:2 | Found a one-way gate leading to the halls of Pandemonium.
 65544 | Depths:3 | Reached skill level 27 in Ranged Weapons
 65815 | Depths:3 | Found Haqus's Book Shop.
 65815 | Depths:3 | Found Tyarootz's Jewellery Emporium.
 65816 | Depths:3 | Found Rohevvut's Book Shop.
 65823 | Depths:3 | Bought a +6 ring of dexterity for 720 gold pieces
 65894 | Depths:3 | Identified the ring of Fenouzoa {Ice Str+3}
 65894 | Depths:3 | Noticed Josephina
 65904 | Depths:3 | Killed Josephina
 65924 | Depths:3 | Found a broken altar of Ashenzari.
 66858 | Vaults:3 | Bought a scroll of immolation for 88 gold pieces
 66858 | Vaults:3 | Bought a scroll of immolation for 88 gold pieces
 67695 | Depths:4 | Entered Level 4 of the Depths
 67918 | Depths:4 | Reached XP level 25. HP: 183/195 MP: 37/37
 67952 | Depths:4 | Found a one-way gateway to a ziggurat.
 67960 | Depths:4 | Found a bloodstained altar of Trog.
 67960 | Depths:4 | Found a radiant altar of Vehumet.
 67961 | Depths:4 | Found a stormy altar of Qazlal.
 68265 | Depths:4 | Found a gate to the Realm of Zot.
 68665 | Depths:4 | Noticed a juggernaut
 68678 | Depths:4 | Killed a juggernaut
 69302 | Depths:4 | Noticed a juggernaut
 69314 | Depths:4 | Killed a juggernaut
 69748 | Crypt:1  | Entered Level 1 of the Crypt
 70719 | Crypt:1  | Noticed Xtahua
 70728 | Crypt:1  | Killed Xtahua
 71062 | Crypt:2  | Reached XP level 26. HP: 203/203 MP: 37/37
 71100 | Crypt:2  | Noticed Zenata
 71107 | Crypt:2  | Killed Zenata
 71316 | Crypt:2  | Noticed Mennas
 71320 | Crypt:2  | Killed Mennas
 71793 | Crypt:3  | Entered Level 3 of the Crypt
 72640 | Crypt:3  | Found a staircase to the Tomb.
 72648 | Crypt:3  | Identified the amulet of the Usurping Gods {rElec Regen+
                  | Str-3 Int+2 Dex+3}
 72648 | Crypt:3  | Identified the ring "Xish" {*Slow rN+ rCorr Str+2}
 72777 | Crypt:3  | Noticed an ancient lich
 72785 | Crypt:3  | Killed an ancient lich
 72811 | Crypt:3  | Found an ancient bone altar of Kikubaaqudgha.
 72853 | Crypt:3  | Identified the staff of the Lesser Evil {rPois rF+ Str+3
                  | Dex-2 Fire}
 73053 | Crypt:3  | Bought the ring "Quoc" {+Blink rElec Str+3 Int-3 Dex+6} for
                  | 798 gold pieces
 73399 | Depths:1 | Voluntarily entered the Abyss.
 73537 | Abyss:1  | Found a corrupted altar of Lugonu.
 73540 | Abyss:1  | Found a corrupted altar of Lugonu.
 73540 | Abyss:1  | Found a corrupted altar of Lugonu.
 74114 | Abyss:4  | Got an abyssal rune of Zot
 74122 | Depths:1 | Escaped the Abyss
 74426 | Hell     | Entered the Vestibule of Hell
 74426 | Hell     | Noticed Geryon
 74441 | Hell     | Killed Geryon
 75455 | Depths:1 | Reached XP level 27. HP: 113/217 MP: 37/37
 76436 | Hell     | Found a gateway to the freezing wastes of Cocytus.
 76500 | Hell     | Found a gateway to the Iron City of Dis.
 76537 | Hell     | Found a gateway to the ashen valley of Gehenna.
 76632 | Hell     | Found a gateway to the decaying netherworld of Tartarus.
 77123 | Slime:1  | Entered Level 1 of the Pits of Slime
 77406 | Slime:5  | Entered Level 5 of the Pits of Slime
 77465 | Slime:5  | Reached skill level 5 in Evocations
 77544 | Slime:5  | Gained mutation: You are frail. (-10% HP) [a shining eye]
 77552 | Slime:5  | Noticed the Royal Jelly
 77562 | Slime:5  | Killed the Royal Jelly
 78210 | Slime:3  | You fall into a shaft and drop 1 floor!
 78218 | Slime:4  | Gained mutation: You sometimes lose your temper in combat.
                  | [a shining eye]
 78247 | Slime:4  | Lost mutation: You are frail. (-10% HP) [potion of
                  | mutation]
 78247 | Slime:4  | Lost mutation: You sometimes lose your temper in combat.
                  | [potion of mutation]
 78247 | Slime:4  | Gained mutation: You are agile. (Dex +4, Str/Int -1)
                  | [potion of mutation]
 78247 | Slime:4  | Gained mutation: You are very agile. (Dex +8, Str/Int -2)
                  | [potion of mutation]
 79606 | Slime:5  | Identified the +4 broad axe of Context {pain, rF+ rCorr}
 79625 | Slime:5  | Got a slimy rune of Zot
 79635 | Slime:5  | Identified the ring "Liraicosk" {Will+ Str+3 Slay+3}
 79661 | Slime:5  | Identified the ring "Nuit" {rPois rN+ Int+4 Dex+4}
 79701 | Slime:5  | Identified the +5 demon whip "Kurr" {elec, rElec rPois}
 79740 | Slime:5  | Identified the +4 mace "Fod Laam" {heavy, rN+ Dex+3}
 80721 | Pan      | Entered Pandemonium
 80737 | Pan      | Learned a level 1 spell: Apportation
 81016 | Pan      | Reached skill level 1 in Translocations
 81191 | Pan      | Learned a level 8 spell: Necromutation
 81559 | Pan      | Identified the +1 robe "Kiseloinku" {rN+}
 81639 | Pan      | Noticed Nezaebb the pandemonium lord
 81667 | Pan      | Killed Nezaebb the pandemonium lord
 81686 | Pan      | Got a demonic rune of Zot
 82034 | Pan      | Reached skill level 10 in Evocations
 82104 | Pan      | Reached skill level 5 in Translocations
 82337 | Pan      | Noticed Hicliej the pandemonium lord
 82342 | Pan      | Killed Hicliej the pandemonium lord
 82600 | Pan      | Entered the realm of Lom Lobon.
 82624 | Pan      | Reached skill level 1 in Necromancy
 82624 | Pan      | Reached skill level 1 in Transmutations
 82806 | Pan      | Found an exit through the horrors of the Abyss.
 83665 | Pan      | Reached skill level 27 in Fighting
 83790 | Pan      | Noticed Lom Lobon
 84309 | Pan      | Killed Lom Lobon
 84310 | Pan      | Reached skill level 5 in Necromancy
 84334 | Pan      | Reached skill level 5 in Transmutations
 84377 | Pan      | Got a magical rune of Zot
 84684 | Pan      | Found an exit through the horrors of the Abyss.
 86467 | Pan      | Found an exit through the horrors of the Abyss.
 87918 | Pan      | Found an exit through the horrors of the Abyss.
 89352 | Pan      | Found an exit through the horrors of the Abyss.
 91007 | Pan      | Found an exit through the horrors of the Abyss.
 92672 | Pan      | Found an exit through the horrors of the Abyss.
 93171 | Pan      | Found an exit through the horrors of the Abyss.
 94685 | Pan      | Reached skill level 15 in Evocations
 94855 | Pan      | Found an exit through the horrors of the Abyss.
 94976 | Pan      | Reached skill level 10 in Necromancy
 95399 | Pan      | Reached skill level 10 in Transmutations
 95804 | Pan      | Found an exit through the horrors of the Abyss.
 97426 | Pan      | Noticed Rajy the pandemonium lord
 97440 | Pan      | Killed Rajy the pandemonium lord
 98338 | Pan      | Entered the realm of Cerebov.
 98402 | Pan      | Identified the +2 sling "Riocw" {freeze, Fragile rC++
                  | Dex+5}
 98403 | Pan      | Identified the +3 flail of Fortitude {venom, rF+}
 98404 | Pan      | Identified the +10 hand axe "Xaunon" {freeze, Str+2 Int+2
                  | SInv}
 98406 | Pan      | Identified the +9 plate armour of the Crypt {Int+3}
 98467 | Pan      | Found the +6 sword of Cerebov {flame}
 98467 | Pan      | Noticed Cerebov
 98503 | Pan      | Killed Cerebov
 98738 | Pan      | Identified the +6 scale mail of the King of the Hill {-Tele
                  | rElec Int+4}
 98742 | Pan      | Got a fiery rune of Zot
 98743 | Pan      | Identified the ring of Usteruij {MP+9 Dex+3 Slay+4}
 98755 | Pan      | Got Sif Muna's Handbook of Composition
 98767 | Pan      | Identified the +4 longbow of the Singing Gods {drain,
                  | Fragile Str+9}
 98792 | Pan      | Identified the +1 orcbow of Res Ipsa Loquitur {antimagic,
                  | rC+++ Will+ Str+5 Dex-5}
 98795 | Pan      | Identified the staff "Afairud" {*Slow rElec Will++ Int+2
                  | Conj}
 98796 | Pan      | Identified the +2 sling "Jeapej" {elec, rF+ Dex+4 SInv}
 98803 | Pan      | Identified the +1 plate armour "Lumpyomn" {rN+ Dex+5}
 98884 | Pan      | Got Xiesip's Cyclopedia of Bodies and Production
 99902 | Pan      | Identified the +9 morningstar of Oseoc {antimagic, Drain
                  | rPois Dex-4 Stlth+}
 99907 | Pan      | Identified the +10 plate armour "Aptotun" {*Corrode Regen+
                  | Str+4}
 99909 | Pan      | Identified the +2 war axe "Noareg" {drain, rPois rC- Dex+8
                  | Stlth-}
104455 | Pan      | Reached skill level 15 in Necromancy
104886 | Pan      | Reached skill level 15 in Transmutations
111366 | Pan      | Entered the realm of Gloorx Vloq.
111508 | Pan      | Found an exit through the horrors of the Abyss.
111873 | Pan      | Reached skill level 27 in Dodging
112570 | Pan      | Found an exit through the horrors of the Abyss.
113249 | Pan      | Found an exit through the horrors of the Abyss.
114210 | Pan      | Found an exit through the horrors of the Abyss.
114787 | Pan      | Found an exit through the horrors of the Abyss.
115711 | Pan      | Found an exit through the horrors of the Abyss.
116296 | Pan      | Found an exit through the horrors of the Abyss.
117109 | Pan      | Found an exit through the horrors of the Abyss.
117749 | Pan      | Found an exit through the horrors of the Abyss.
118593 | Pan      | Found an exit through the horrors of the Abyss.
119183 | Pan      | Found an exit through the horrors of the Abyss.
119883 | Pan      | Found an exit through the horrors of the Abyss.
120523 | Pan      | Noticed Gloorx Vloq
120527 | Pan      | Killed Gloorx Vloq
120536 | Pan      | Got a dark rune of Zot
120545 | Pan      | Learned a level 6 spell: Death Channel
120794 | Pan      | Noticed Boruz the pandemonium lord
120806 | Pan      | Killed Boruz the pandemonium lord
120809 | Pan      | Noticed Ignacio
121232 | Pan      | Noticed Tuqaela the pandemonium lord
121244 | Pan      | Killed Tuqaela the pandemonium lord
121598 | Pan      | Noticed Ignacio
121604 | Pan      | Killed Ignacio
121742 | Pan      | Found an exit through the horrors of the Abyss.
122167 | Pan      | Noticed Juog Aptiru the pandemonium lord
122400 | Pan      | Entered the realm of Mnoleg.
122629 | Pan      | Noticed Mnoleg
122643 | Pan      | Killed Mnoleg
122683 | Pan      | Got a glowing rune of Zot
123239 | Pan      | Found an exit through the horrors of the Abyss.
123248 | Pan      | Took an exit into the Abyss.
123248 | Abyss:4  | Escaped into the Abyss
123334 | Depths:2 | Escaped the Abyss
123432 | Depths:2 | Upgraded the game from 0.31-a0-202-g547052bce9 to
                  | 0.31-a0-204-g7da18cac08
123484 | Coc:1    | Entered Level 1 of Cocytus
124160 | Coc:3    | Paralysed by a wendigo for 1 turns
124711 | Coc:5    | Noticed an ancient lich
124722 | Coc:5    | Killed an ancient lich
125323 | Coc:7    | Entered Level 7 of Cocytus
125648 | Coc:7    | Found the +13 scythe of Curses {drain, curses, Drain}
125671 | Coc:7    | Identified the amulet "Jeanleyq" {Reflect rN+ Will+ MP+9
                  | Slay+2 SH+5}
125683 | Coc:7    | Identified the +1 pair of boots "Rafenaek" {-Tele rF+++
                  | rC++ Will+}
125686 | Coc:7    | Identified the +10 trident of Valiance {freeze, +Blink rF-
                  | rCorr} (You found it on level 7 of Cocytus)
125687 | Coc:7    | Got the Cyclopedia of Wounds
125985 | Coc:7    | Noticed Antaeus
126014 | Coc:7    | Killed Antaeus
126033 | Coc:7    | Identified the ring "Ubul" {Fly rElec Will+++ Dex-2}
126040 | Coc:7    | Got an icy rune of Zot
126217 | Hell     | Bought a scroll of acquirement for 624 gold pieces
126219 | Hell     | Acquired the +2 hood of the Assassin {Detect Stab+ Stlth++}
126219 | Hell     | Found the +2 hood of the Assassin {Detect Stab+ Stlth++}
126333 | Geh:1    | Entered Level 1 of Gehenna
127046 | Geh:4    | Reached skill level 15 in Spellcasting
127090 | Geh:4    | You fall into a shaft and drop 2 floors!
127520 | Geh:7    | Entered Level 7 of Gehenna
128131 | Geh:7    | Got Oguot's Omnibus of Solid Topology
128132 | Geh:7    | Identified the +12 morningstar of Osoywn {venom, Int+3}
128141 | Geh:7    | Noticed a dread lich
128148 | Geh:7    | Killed a dread lich
128234 | Geh:7    | Identified the +11 long sword of Sumer {heavy, rN+ Dex+2
                  | SInv}
128270 | Geh:7    | Identified the +5 great mace of Analysis {vamp, Str+4
                  | Dex-5}
128324 | Geh:7    | Found the +13 sceptre of Asmodeus
128324 | Geh:7    | Noticed Asmodeus
128356 | Geh:7    | Killed Asmodeus
128356 | Geh:7    | HP: 1/224 [hellion/damnation (32)]
128819 | Geh:7    | Got an obsidian rune of Zot
129514 | Dis:1    | Entered Level 1 of the Iron City of Dis
129648 | Dis:1    | Noticed an ancient lich
129656 | Dis:1    | Killed an ancient lich
130435 | Dis:7    | Entered Level 7 of the Iron City of Dis
130866 | Dis:7    | Noticed a dread lich
130869 | Dis:7    | Killed a dread lich
130902 | Dis:7    | Learned a level 8 spell: Ignition
130936 | Dis:7    | Reached skill level 1 in Fire Magic
131111 | Dis:7    | Noticed the Serpent of Hell
131118 | Dis:7    | Killed the Serpent of Hell
131424 | Dis:7    | Reached skill level 5 in Fire Magic
131535 | Dis:7    | Noticed Dispater
131538 | Dis:7    | Noticed a juggernaut
131540 | Dis:7    | Killed a juggernaut
131969 | Dis:7    | Noticed a juggernaut
131971 | Dis:7    | Killed a juggernaut
132198 | Dis:7    | Noticed a juggernaut
132201 | Dis:7    | Killed a juggernaut
132443 | Dis:7    | Killed Dispater
132444 | Dis:7    | Reached skill level 27 in Stealth
132481 | Dis:7    | Got Qoacipan's Catalogue of the Commander and the Sphinx
132486 | Dis:7    | Got an iron rune of Zot
132639 | Tar:1    | Entered Level 1 of Tartarus
134256 | Tar:6    | Reached skill level 10 in Fire Magic
134609 | Tar:6    | Found a huge runed gate.
134609 | Tar:6    | Found a huge runed gate.
134610 | Tar:6    | Found a huge runed gate.
134610 | Tar:6    | Found a huge runed gate.
134611 | Tar:6    | Found a huge runed gate.
134612 | Tar:6    | Found a huge runed gate.
134614 | Tar:6    | Found a huge runed gate.
134614 | Tar:6    | Found a huge runed gate.
134615 | Tar:6    | Found a huge runed gate.
134615 | Tar:6    | Found a huge runed gate.
134616 | Tar:6    | Found a huge runed gate.
134616 | Tar:6    | Found a huge runed gate.
134617 | Tar:6    | Found a huge runed gate.
134618 | Tar:6    | Found a huge runed gate.
134619 | Tar:6    | Found a huge runed gate.
134681 | Tar:6    | Found a huge runed gate.
134681 | Tar:6    | Found a huge runed gate.
134681 | Tar:6    | Found a huge runed gate.
134681 | Tar:6    | Found a huge runed gate.
134682 | Tar:6    | Found a huge runed gate.
134683 | Tar:6    | Found a huge runed gate.
134686 | Tar:6    | Found a huge runed gate.
134686 | Tar:6    | Found a huge runed gate.
134687 | Tar:6    | Found a huge runed gate.
134688 | Tar:6    | Found a huge runed gate.
134689 | Tar:6    | Found a huge runed gate.
134690 | Tar:6    | Found a huge runed gate.
134691 | Tar:6    | Found a huge runed gate.
134708 | Tar:6    | Found a huge runed gate.
134708 | Tar:6    | Found a huge runed gate.
134708 | Tar:6    | Found a huge runed gate.
134708 | Tar:6    | Found a huge runed gate.
134708 | Tar:6    | Found a huge runed gate.
134711 | Tar:6    | Found a huge runed gate.
134712 | Tar:6    | Found a huge runed gate.
134713 | Tar:6    | Found a huge runed gate.
134771 | Tar:6    | Noticed an ancient lich
134771 | Tar:6    | Noticed an ancient lich
134784 | Tar:6    | Killed an ancient lich
134798 | Tar:6    | Killed an ancient lich
135160 | Tar:7    | Entered Level 7 of Tartarus
135595 | Tar:7    | Noticed a dread lich
135595 | Tar:7    | Noticed an ancient lich
135600 | Tar:7    | Paralysed by a dread lich for 4 turns
135606 | Tar:7    | Killed a dread lich
135616 | Tar:7    | Killed from afar by an ancient lich

Illustrated notes

Levels and vault maps discovered:
D:1:      amcnicky_arrival_double_pillar, layout_basic,
          hellmonk_ecumenical_altar_inner_sanctum, minmay_unequal
D:2:      layout_basic, uniq_jessica
D:3:      layout_basic, slow_altar_1, mainiacjoe_overflow_boulevard,
          gammafunk_ghost_split, minmay_misc_feat_alley, minmay_pentangle,
          uniq_natasha, uniq_grinder, uniq_sigmund, uniq_terence, uniq_robin
D:4:      layout_loops_ring, lemuel_tele_altar, gammafunk_ghost_smash,
          portal_sewer_entry_d, minmay_misc_feat_plants
D:5:      layout_rooms, grunt_temple_overflow_diamond, serial_corexii_hall,
          chequers_hall_statues_corner_a, corexii_hall_statues_x,
          corner_web_ring, minmay_stone_trees_small, serial_bayou_pond_a,
          minmay_increasing_density
D:6:      layout_basic, nicolae_elyvilon_temple_path, minmay_temple_entry_grid,
          chequers_serial_rivers_room_a, glass_columns_a
D:7:      layout_cave_pods, grunt_gozag_statues, kennysheep_orc_sif_temple,
          minivault_14
D:8:      layout_basic, lemuel_zombie_altar_kikubaaqudgha, minmay_manual_mares
D:9:      layout_irregular_city, tgw_xom, lair_entry_dummy, zombieorc2_lemuel,
          uniq_amaemon
D:10:     layout_grid_maze
D:11:     layout_basic
D:12:     lemuel_ogre_cave, layout_cave_pods, uniq_rupert
D:13:     layout_loops_ring, david_vaults_2, fountainhead,
          hangedman_decor_clover_reticule
D:14:     minmay_the_grid_net [minmay_the_grid_tiny_cups, minmay_the_grid_mess,
          minmay_the_grid_embedded, minmay_the_grid_expand,
          minmay_the_grid_diamond_grid, minmay_the_grid_prize_trominoes],
          layout_basic, nicolae_concentric_dashed_squares_wild, uniq_jorgrun
D:15:     grunt_enter_depths_snipers, layout_loops_cross, roderic_lattice_a
Temple:   nicolae_temple_ecumenical_triangle
Lair:1:   layout_layer_cave, serial_bayou_pond_d, grunt_megastairs_4
Lair:2:   layout_roguey, minmay_swamp_entry_swarm, lemuel_fruit_tree,
          infiniplex_staircase_pool, grunt_megastairs_1
Lair:3:   layout_gridlike, dummy_spider_entry
Lair:4:   layout_hall_layers, ebering_ghost_disaster_area, special_room
          [special_room_bee]
Lair:5:   hellmonk_lair_end_abyssal_woods, layout_hall_layers, slime_entry_1,
          lemuel_fruit_fields, uniq_kirke
Swamp:1:  layout_basic_swamp, evilmike_swamp_ruin_house_1, swamp_pool1,
          beargit_elvish_explorers
Swamp:2:  layout_basic_swamp, evilmike_swamp_ruin_house_3,
          nicolae_swamp_oklob_treasure_island, uniq_louise, uniq_aizul,
          uniq_frances
Swamp:3:  layout_basic_swamp, evilmike_swamp_ruin_house_2, swamp_pool1
Swamp:4:  nzn_swamp_witches_coven, layout_basic_swamp, gammafunk_ghost_split,
          swamp_pool2
Spider:1: layout_spider_delve, ebering_ghost_xom,
          hellmonk_deceptive_appearances, hangedman_spider_tarantella_strand,
          uniq_azrael, uniq_nikola, uniq_mlioglotl
Spider:2: layout_spider_delve, uniq_agnes
Spider:3: layout_spider_delve
Spider:4: hellmonk_spider_rune_bug_friends
Slime:1:  layout_caves, nicolae_slime_getting_an_eyeful
Slime:2:  layout_caves
Slime:3:  layout_caves, nicolae_slime_phagocytosis
Slime:4:  layout_caves
Slime:5
Orc:1:    layout_caves, bloody_makhleb, uniq_fannar
Orc:2:    grunt_orc_gardens, layout_caves, grunt_orc_garden, grunt_orc_garden,
          grunt_orc_garden, grunt_orc_garden, serial_shops, shop,
          nicolae_diamond_shop
Elf:1:    layout_loops_cross, serial_shops, nicolae_shop_mannequins, shop_coins,
          nicolae_shop_tiny_statue_garden, nicolae_shop_peninsula,
          nicolae_shop_industrial_runoff, orc_legates
Elf:2:    nicolae_elf_blades_crystal_corner, layout_geoelf_octagon,
          portal_desolation_entry_nicolae_nacl
Elf:3:    minmay_elf_hall_four_x, layout_geoelf_octagon, serial_shops, shop
Vaults:1: vaults_room_hallway, grunt_vaults_hallway_short,
          ontoclasm_vaults_pinch, nicolae_vaults_trapezoid_layered,
          hangedman_vaults_nails, nicolae_vaults_stepped_doors,
          nicolae_vaults_variable_pillar_hall, hangedman_vaults_cutoff,
          vaults_room_grunt_arrival_ludios, nicolae_vaults_closet_pinwheel_4,
          v_misc_14, layout_vaults_omnicross
Vaults:2: nicolae_vaults_trapezoid_lopsided_3, nicolae_vaults_three_branches,
          nicolae_vaults_surprise_closet, v_misc_30,
          nicolae_vaults_tetromino_Z_2, nicolae_vaults_network_star,
          ontoclasm_vaults_twist, nicolae_vaults_storage_closets_2,
          vaults_mumra_lcd, nicolae_vaults_triangles,
          minmay_crypt_entry_necro_gods, gammafunk_sealed_arena,
          layout_vaults_maze
Vaults:3: nicolae_vaults_more_shelving_1, nicolae_vaults_ninety_degrees,
          v_rooms_1, v_misc_27, v_rooms_2, ontoclasm_vaults_shuriken,
          nicolae_vaults_sightless_eye, nicolae_vaults_little_squares_3,
          nicolae_vaults_trapezoid_4, grunt_vaults_hallway_long,
          nicolae_vaults_tetromino_Z_2, nicolae_vaults_diamond_1,
          nicolae_vaults_apartment_2, nicolae_vaults_little_squares_3,
          nicolae_vaults_tetromino_Z_2, layout_vaults_ring, serial_shops,
          nicolae_shop_hallway_plus
Vaults:4: nicolae_vaults_trapezoid_layered, nicolae_vaults_turnstiles,
          ontoclasm_vaults_claustrophobia, v_misc_9,
          nicolae_vaults_surprise_closet, vaults_standard_mumra_lines,
          ontoclasm_vaults_tryst, nicolae_vaults_little_squares_1, v_misc_8,
          grunt_vaults_funnel, nicolae_vaults_tetromino_T_1,
          nicolae_vaults_tetromino_T_1, layout_vaults_quadrants, uniq_jory
Vaults:5: serial_shops
Crypt:1:  layout_catacombs, grunt_crypt_arrival_split, uniq_xtahua
Crypt:2:  layout_regular_city, uniq_zenata, uniq_mennas
Crypt:3:  cryptofortress_bobbens
Depths:1: layout_cave_shapes, serial_shops, shop, minmay_room_of_horrors,
          nrook_uturn, pf_hell_entry_tar_spiral, chequers_big_river,
          hangedman_decor_opposing, hangedman_glass_teeth,
          amcnicky_altar_lugonu_corruption
Depths:2: vault_1, layout_cave_pools, grunt_pan_entry_in_and_out, hell_entry,
          marbit_kobold_abyss_entry, infiniplex_staircase_zigzag_2,
          firewood_loft
Depths:3: minmay_box_of_statues, layout_cave_shapes, minmay_door_square,
          pf_vacation_house_of_asmodeus, nicolae_abyss_entry_one_way_or_another,
          evilmike_ruin_ashenzari, infiniplex_staircase_x, minmay_shop_grove,
          uniq_josephina
Depths:4: hangedman_slaughterboxes, hell_entry
Hell
Dis:1:    layout_jigsaw
Dis:2:    layout_jigsaw
Dis:3:    layout_regular_city, hangedman_dis_decor_tower
Dis:4:    layout_regular_city
Dis:5:    layout_gridville, nicolae_hells_seeping_fissure
Dis:6:    layout_regular_city, nicolae_hells_hurtin_island
Dis:7:    dis_hangedman
Geh:1:    layout_gehenna_pools_basic
Geh:2:    layout_gehenna_pools_box
Geh:3:    layout_gehenna_lava_caves
Geh:4:    layout_gehenna_pools_triple
Geh:6:    layout_gehenna_lava_caves
Geh:7:    geh_grunt
Coc:1:    layout_cocytus_water_paths
Coc:2:    layout_cocytus_water_paths
Coc:3:    layout_ice_bergs
Coc:4:    layout_ice_bergs
Coc:5:    layout_ice_bergs, serial_ice, serial_ice_o, serial_ice_e, serial_ice_b
Coc:6:    layout_cocytus_water_paths
Coc:7:    coc_grunt
Tar:1:    layout_grid_maze
Tar:2:    layout_grid_maze
Tar:3:    nicolae_tar_entranced, layout_cathedral_of_symmetry,
          nicolae_hells_seeping_fissure
Tar:4:    layout_honeycomb
Tar:5:    layout_honeycomb
Tar:6:    layout_cathedral_of_symmetry, door_vault
Tar:7:    tar_grunt_cathedral

Skill      XL: |  1  2  3  4  5  6  7  8  9 10 11 12 13 14 15 16 17 18 19 20 21 22 23 24 25 26 27 |
---------------+----------------------------------------------------------------------------------+-----
Ranged Weapons | 5 6 7 9 10 11 13 14 15 18 20 21 22 23 24 25 26 27 | 27.0
Poison Magic   | 2 3 6 |  6.0
Conjurations   | 1 2 |  2.0
Air Magic      | 1 2 |  2.0
Short Blades   | 2 4 |  4.0
Stealth        | 4 5 7 12 15 18 27 | 27.0
Evocations     | 1 15 | 15.0
Dodging        | 4 5 9 10 11 14 18 19 20 21 24 27 | 27.0
Ice Magic      | 1 |  1.0
Spellcasting   | 1 2 5 9 10 19 | 19.7
Hexes          | 1 |  1.0
Fighting       | 3 6 7 9 12 14 15 18 20 22 25 27 | 27.0
Translocations | 6 |  6.0
Necromancy     | 24 | 24.0
Transmutations | 24 | 24.0
Fire Magic     | 12 | 12.6

Action                     |  1- 3 |  4- 6 |  7- 9 | 10-12 | 13-15 | 16-18 | 19-21 | 22-24 | 25-27 || total
---------------------------+-------+-------+-------+-------+-------+-------+-------+-------+-------++-------
  Melee: Unarmed           |     2 |     4 |       |       |       |     5 |       |       |       ||    11
         Constrict         |     1 |     4 |     1 |     1 |       |       |       |       |       ||     7
         Tentacles         |     1 |     2 |     8 |     2 |       |       |     2 |       |       ||    15
         Dagger            |       |     5 |    15 |     2 |       |       |       |       |       ||    22
         Shortbow          |       |     1 |       |       |       |       |       |       |       ||     1
         Punch             |       |     1 |     2 |     1 |       |       |       |       |       ||     4
         Longbow           |       |       |       |       |       |       |     7 |       |       ||     7
   Fire: Shortbow          |    82 |   197 |   463 |     1 |       |       |       |       |       ||   743
         Orcbow            |       |       |     7 |       |       |       |       |       |       ||     7
         Sling             |       |       |    31 |   786 |    51 |       |       |       |       ||   868
         Longbow           |       |       |       |       |   694 |  1699 |  1338 |  1325 |  5392 || 10448
         Triple crossbow   |       |       |       |       |       |       |       |       |  1028 ||  1028
   Cast: Mephitic Cloud    |       |     7 |    35 |    34 |    18 |     5 |     1 |       |       ||   100
         Ensorcelled Hiber |       |       |     6 |     3 |       |       |       |       |       ||     9
         Olgreb's Toxic Ra |       |       |       |    11 |     8 |       |       |       |       ||    19
         Confusing Touch   |       |       |       |     1 |       |       |       |       |       ||     1
         Apportation       |       |       |       |       |       |       |       |       |   377 ||   377
         Necromutation     |       |       |       |       |       |       |       |       |    84 ||    84
         Death Channel     |       |       |       |       |       |       |       |       |     2 ||     2
 Invoke: Call Merchant     |       |       |       |     2 |     1 |     4 |     2 |     1 |    11 ||    21
         Potion Petition   |       |       |       |       |       |       |       |       |     8 ||     8
Ability: Evoke Blink       |       |       |       |       |       |       |       |     1 |     2 ||     3
         End Transformatio |       |       |       |       |       |       |       |       |     1 ||     1
  Evoke: Wand              |       |       |     4 |       |       |       |       |       |     4 ||     8
         Horn of Geryon    |       |       |       |       |       |       |       |       |     4 ||     4
         Phial of floods   |       |       |       |       |       |       |       |       |     1 ||     1
         Phantom mirror    |       |       |       |       |       |       |       |       |     1 ||     1
    Use: Scroll            |       |     7 |    14 |     3 |     3 |     6 |     2 |     3 |    22 ||    60
         Potion            |       |     5 |       |     2 |     3 |     2 |       |     4 |    13 ||    29
   Stab: Sleeping          |       |       |     2 |     1 |       |       |       |       |       ||     3
         Confused          |       |       |     1 |       |       |       |       |       |       ||     1
 Armour: Skin              |     3 |    34 |    28 |    17 |    16 |    47 |    17 |    26 |    75 ||   263
  Dodge: Dodged            |    18 |    86 |    64 |   101 |   142 |   916 |   375 |   494 |  2588 ||  4784
  Block: Other             |       |       |       |       |       |       |       |    72 |   327 ||   399
         Reflection        |       |       |       |       |       |       |       |    15 |    10 ||    25

Table legend: (Time is in decaauts)
 A = Elapsed time spent in this place.
 B = Non-inter-level travel time spent in this place.
 C = Inter-level travel time spent in this place.
 D = Time resting spent in this place.
 E = Time spent auto-exploring this place.
 F = Levels seen in this place.
 G = Mean time per level.
                   A        B        C        D        E       F      G
               +--------+--------+--------+--------+--------+-----+--------+
         Total | 132852 | 123948 |   8904 |  23432 |  75603 | 104 | 1277.4 |
       Dungeon |  22245 |  18471 |   3774 |   3956 |  10321 |  15 | 1483.0 |
        Temple |     51 |     51 |      0 |      0 |     28 |   1 |   51.0 |
          Lair |  13603 |  11886 |   1717 |   4598 |   5393 |   5 | 2720.6 |
         Swamp |   4523 |   4274 |    249 |    669 |   2690 |   4 | 1130.8 |
   Spider Nest |   4998 |   4652 |    346 |   1077 |   2597 |   4 | 1249.5 |
    Slime Pits |   3069 |   2976 |     93 |   1547 |    947 |   5 |  613.8 |
  Orcish Mines |   2252 |   1913 |    339 |    306 |   1144 |   2 | 1126.0 |
   Elven Halls |   5533 |   5102 |    431 |   2079 |   1998 |   3 | 1844.3 |
        Vaults |   9213 |   8407 |    806 |   1852 |   4832 |   5 | 1842.6 |
         Crypt |   3290 |   3117 |    173 |     87 |   2434 |   3 | 1096.7 |
        Depths |   7341 |   6723 |    618 |   1976 |   3341 |   4 | 1835.2 |
          Hell |   1103 |   1052 |     51 |    318 |    345 |   1 | 1103.0 |
           Dis |   3094 |   2979 |    115 |    730 |   1215 |   7 |  442.0 |
       Gehenna |   3022 |   2953 |     69 |    497 |   1787 |   6 |  503.7 |
       Cocytus |   2302 |   2247 |     55 |    551 |    478 |   7 |  328.9 |
      Tartarus |   3044 |   2981 |     63 |    810 |   1471 |   7 |  434.9 |
         Abyss |    744 |    744 |      0 |      0 |    267 |   5 |  148.8 |
   Pandemonium |  41931 |  41931 |      0 |   2216 |  33676 |  18 | 2329.5 |
         Sewer |    171 |    171 |      0 |      0 |     57 |   1 |  171.0 |
    Desolation |   1312 |   1312 |      0 |    158 |    580 |   1 | 1312.0 |
               +--------+--------+--------+--------+--------+-----+--------+

Top non-repeatable levels by time:
  Lair:2: 4599 daAuts
  Lair:1: 3718 daAuts
Vaults:4: 3467 daAuts
Depths:1: 2873 daAuts
     D:2: 2672 daAuts
   Elf:3: 2349 daAuts
   Dis:7: 2223 daAuts
  Lair:4: 2208 daAuts
 Slime:5: 2098 daAuts
     D:7: 1950 daAuts
     D:9: 1950 daAuts
    D:15: 1933 daAuts
   Geh:7: 1882 daAuts
  Lair:5: 1803 daAuts
   Orc:2: 1755 daAuts
